 Dungeon Sprint DCSS version 0.30-a0-722-g3e6e8c874d (webtiles) character file.

Game seed: 4425566599951248052

0 BigDaddyOpFi the Chopper (level 1, -12/19 HPs)
             Began as a Hill Orc Cinder Acolyte on Jan 27, 2023.
             Was a High Priest of Ignis.
             Killed from afar by a gargoyle (31 damage)
             ... with a stone arrow
             ... in the Dungeon (Sprint VII: "The Pits").
             The game lasted 00:00:10 (24 turns).

BigDaddyOpFi the Chopper (Hill Orc Cinder Acolyte)    Turns: 24, Time: 00:00:11

Health: -12/19     AC:  2    Str: 16    XL:     1   Next: 0%
Magic:  2/2        EV: 11    Int: 14    God:    Ignis [*****.]
Gold:   0          SH:  0    Dex:  6    Spells: 2/2 levels left

rFire   + . .      SeeInvis .    a - -1 hand axe (flame)
rCold   . . .      Faith    .    (no shield)
rNeg    . . .      Spirit   .    b - +0 robe
rPois   .          Reflect  .    (no helmet)
rElec   .          Harm     .    (no cloak)
rCorr   .          Rampage  .    (no gloves)
Will    .....      NoTele   +    (no boots)
Stlth   +                        (no amulet)
HPRegen 0.23/turn                (no ring)
MPRegen 0.08/turn                (no ring)

@: no status effects
A: no striking features
a: Renounce Religion, Fiery Armour, Foxfire Swarm, Rising Flame


You were in the Dungeon.
You worshipped Ignis.
Ignis was extremely pleased with you.
You visited 1 branch

Inventory:

Hand Weapons
 a - a -1 hand axe of flaming (weapon)
Armour
 b - a +0 robe (worn)
Scrolls
 h - a scroll of blinking
Potions
 c - a potion of curing
 d - a potion of heal wounds
 e - a potion of haste
 f - 2 potions of magic
 g - a potion of berserk rage


   Skills:
 + Level 3.6 Fighting
 + Level 4.0 Axes
 + Level 1.0 Spellcasting
 + Level 3.2 Fire Magic


You had 2 spell levels left.
You didn't know any spells.
Your spell library contained the following spells:

 Spells                   Type           Power      Damage    Failure   Level
 Scorch                   Fire           18%        2d6       11%         2


Dungeon Overview and Level Annotations

Branches:
Dungeon (1/1)

Altars:


Message History

Welcome, BigDaddyOpFi the Hill Orc Cinder Acolyte.
The flames of Ignis gently warm you.
Press ? for a list of commands and other information.
Found a staircase leading out of the dungeon.
You open the door.
There is an open door to the Entrance Hall (Safe) here.
You open the huge gate.
There is a huge open gate leading to the Armoury (Hard) here.
A gargoyle comes into view. It is wielding a +0 flail.
There is a huge open gate here.
A smoke demon comes into view.
The smoke demon roars!
Activating: Foxfire Swarm
Press: ? - help, Dir - look around, f - activate Flames leap up around you!
The foxfire hits the gargoyle but does no damage. x6
The foxfire hits the gargoyle.
The gargoyle is lightly damaged.
The foxfire hits the gargoyle but does no damage.
The gargoyle is lightly damaged.
The foxfire hits the gargoyle but does no damage.
The gargoyle is lightly damaged.
The foxfire hits the gargoyle.
The gargoyle is lightly damaged.
The foxfire hits the gargoyle but does no damage.
The gargoyle is lightly damaged.
The foxfire hits the gargoyle but does no damage.
The gargoyle is lightly damaged.
The foxfire hits the gargoyle but does no damage.
The gargoyle is lightly damaged.
The gargoyle hurls a stone arrow at you.
The stone arrow hits you!!
Ouch! That really hurt!
You die...

########++##########
...............##§.#
.....#..#......##§§#
...............§§§§#
...............§@§§######
.....#..#......##.§9.3...
...............##§§......
##'#####++###############
......# ......# ......#
..<...# ......#


You could see a smoke demon and a gargoyle.

Vanquished Creatures (others)
  13 foxfires (D)
13 creatures vanquished.

Notes
Turn   | Place    | Note
-------+----------+-------------------------------------------
     0 | D        | BigDaddyOpFi the Hill Orc Cinder Acolyte began the quest
                  | for the Orb.
     0 | D        | Reached XP level 1. HP: 19/19 MP: 2/2
    20 | D        | Noticed a gargoyle
    21 | D        | Noticed a smoke demon
    24 | D        | Killed from afar by a gargoyle

Illustrated notes

Levels and vault maps discovered:
D:        pitsprint [storerooms_1, entrance_room_1, metal_vault_3, armoury_3,
          mini_pit_1, grid_room_1, main_hall_1, silver_pit, the_coven_2,
          the_vestibule_1, steel_vault_2, golden_pit, hallway_of_sentries,
          crystal_vault_1, iron_vault_5, final_vault]

Action                     || total
---------------------------++-------
 Invoke: Foxfire Swarm     ||     1

Table legend: (Time is in decaauts)
 A = Elapsed time spent in this place.
 B = Non-inter-level travel time spent in this place.
 C = Inter-level travel time spent in this place.
 D = Time resting spent in this place.
 E = Time spent auto-exploring this place.
 F = Levels seen in this place.
 G = Mean time per level.
                   A        B        C        D        E       F      G
               +--------+--------+--------+--------+--------+-----+--------+
         Total |     24 |     24 |      0 |      0 |      0 |   1 |   24.0 |
       Dungeon |     24 |     24 |      0 |      0 |      0 |   1 |   24.0 |
               +--------+--------+--------+--------+--------+-----+--------+

Top non-repeatable levels by time:
       D: 24 daAuts
